 Dungeon Crawl Stone Soup version 0.22.1-1-ga44c0e5 (webtiles) character file.

1525 Irenicus the Cleaver (level 8, -7/62 HPs)
             Began as a Deep Dwarf Necromancer on Sept 28, 2018.
             Shot with a bolt by an orc warrior (8 damage)
             ... in a bailey.
             The game lasted 00:24:33 (2687 turns).

Irenicus the Cleaver (Deep Dwarf Necromancer)       Turns: 2687, Time: 00:24:33

Health: -7/62      AC:  5    Str: 13    XL:     8   Next: 54%
Magic:  2/8        EV: 12    Int: 15    God:
Gold:   180        SH:  0    Dex: 15    Spells: 6/11 levels left

rFire    . . .     SeeInvis .   h - +2 hand axe (venom)
rCold    . . .     Gourm    .   (no shield)
rNeg     . . .     Faith    .   g - +1 leather armour
rPois    .         Spirit   .   (no helmet)
rElec    .         Reflect  .   (no cloak)
rCorr    .         Harm     .   m - +0 pair of gloves
MR       +....                  (no boots)
Stlth    ++........             (no amulet)
HPRegen  0.00/turn              (no ring)
MPRegen  0.11/turn              (no ring)

@: non-regenerating
A: damage resistance, heal wounds, sense surroundings 1, no regeneration
a: Heal Wounds


You were in a bailey.
You were not hungry.

You visited 2 branches of the dungeon, and saw 8 of its levels.
You also visited: Ossuary and Bailey.

You collected 180 gold pieces.

Inventory:

Hand Weapons
 h - a +2 hand axe of venom (weapon)
 r - a cursed -3 battleaxe
Armour
 g - a +1 leather armour (worn)
 m - a +0 pair of gloves (worn)
 o - a +0 buckler
Jewellery
 f - an uncursed ring of fire
Wands
 n - a wand of scattershot (3)
Scrolls
 a - 5 scrolls of teleportation
 d - a scroll of enchant armour
 i - a scroll of fog
 j - 4 scrolls of identify
 p - a scroll of blinking
 q - 2 scrolls of remove curse
Potions
 b - 5 potions of flight
 k - 4 potions of curing
 l - a potion of berserk rage
Comestibles
 c - 10 rations


   Skills:
 + Level 10.7 Axes
 - Level 2.1 Dodging
 - Level 2.4 Stealth
 - Level 2.0 Spellcasting
 - Level 6.1 Necromancy


You had 6 spell levels left.
You knew the following spells:

 Your Spells              Type           Power        Failure   Level  Hunger
a - Pain                  Necr           ###.         2%          1    #......
c - Vampiric Draining     Necr           ###.......   7%          3    ###....
e - Animate Skeleton      Necr           N/A          2%          1    #......

Your spell library contained the following spells:

 Spells                   Type           Power        Failure   Level  Hunger
 Animate Dead             Necr           N/A          22%         4    #####..
 Confusing Touch          Hex            #.....       28%         1    #......
 Confuse                  Hex            #.......     63%         3    ###....
 Gell's Gravitas          Tloc           #.........   63%         3    ###....
 Petrify                  Tmut/Erth      #.......     95%         4    #####..
 Metabolic Englaciation   Hex/Ice        #.........   100%        5    ######.
 Yara's Violent Unravell  Hex/Tmut       #.........   100%        5    ######.
 Regeneration             Chrm/Necr      Unusable     N/A         3    N/A

Dungeon Overview and Level Annotations

Branches:
Dungeon (7/15)             Temple (1/1) D:5

Altars:
Ashenzari
Cheibriados
Dithmenos
Elyvilon
Fedhas
Hepliaklqana
Kikubaaqudgha
Nemelex Xobeh
Okawaru
Qazlal
Ru
Trog
Uskayaw
Wu Jian
Xom
Zin
The Shining One

Annotations:
D:7 Menkaure


Innate Abilities, Weirdness & Mutations

You are resistant to damage.
You can heal yourself by infusing magical energy.
You passively map a small area around you.
You do not regenerate.


Message History

The orc shoots a bolt.
The bolt closely misses you.
You hear a shout! x2
Found a gate leading back out of this place.
The orc shoots a bolt.
The bolt hits you!
* * * LOW HITPOINT WARNING * * *
You see here a bolt.
An orc comes into view. It is wielding an arbalest.
The orc shouts!
The orc disappears!
The orc shoots a bolt.
The bolt misses you.
Casting: Pain (safe; 2% risk of failure)
Confirm with . or Enter, or press ? or * to list all spells.
Aiming: Pain (safe; 2% risk of failure)
Press: ? - help, Shift-Dir - straight line, f - orc
Aim: an orc, wielding an arbalest and wearing a ring mail (chance to defeat MR: The orc writhes in agony!
You kill the orc!
The orc shoots a bolt.
The bolt hits you!
* * * LOW HITPOINT WARNING * * *
The orc warrior shoots a bolt.
The bolt hits you!
You die...

....# , ....## * #.....
.....#, * , ......
.....## + ,,*#......
......## ,##.......
≈≈≈....####*####....≈≈≈≈≈
.#≈≈......###......≈≈# ≈
.∩#≈...............≈#∩.#
,
^..≈..........(.@..≈)o§.
.##≈...............≈##.#*
,
.#≈≈...............≈≈#,*
,
≈≈≈.................≈≈≈≈
.......................o
,
.............(..........
........................
........................
...................... ,


You could see an orc warrior and an orc.

Vanquished Creatures
  2 ice beasts
  An orc warrior (Bailey)
  2 ogres
  Blork the orc (D:4)
  A bullfrog (D:6)
  A scorpion (D:4)
  3 human zombies (Ossuary)
  A jelly (D:4)
  A centaur zombie (Ossuary)
  2 orc priests
  2 iguanas
  An orc wizard (D:3)
  Natasha (D:3)
  4 worker ants
  2 big kobold zombies (Ossuary)
  A hound zombie (D:5)
  2 mummies (Ossuary)
  3 gnolls (D:7)
  5 adders
  2 oozes
  2 adder zombies (Ossuary)
  A worm (D:3)
  2 leopard geckos
  21 orcs
  7 bats
  10 giant cockroaches
  4 goblins
  4 hobgoblins
  17 jackals
  6 kobolds
  2 quokkas
  A ball python (D:4)
  5 frilled lizards
  A goblin zombie (Ossuary)
  11 hobgoblin zombies (Ossuary)
  2 jackal zombies (Ossuary)
  7 kobold zombies (Ossuary)
  7 orc zombies (Ossuary)
  3 rats
151 creatures vanquished.

Vanquished Creatures (collateral kills)
  Eustachio (D:4)
  An ogre (D:5)
  A bullfrog skeleton (D:3)
  A frilled lizard (D:4)
4 creatures vanquished.

Grand Total: 155 creatures vanquished

Notes
Turn   | Place    | Note
-------+----------+-------------------------------------------
     0 | D:1      | Irenicus the Deep Dwarf Necromancer began the quest for the
                  | Orb.
     0 | D:1      | Reached XP level 1. HP: 15/15 MP: 3/3
   172 | D:1      | Reached XP level 2. HP: 11/22 MP: 0/5
   339 | D:1      | Reached skill level 5 in Necromancy
   356 | D:1      | Learned a level 1 spell: Animate Skeleton
   598 | D:2      | Found a shattered altar of Ashenzari.
   690 | D:3      | Reached XP level 3. HP: 27/28 MP: 4/6
   744 | D:3      | Reached XP level 4. HP: 27/36 MP: 1/7
   749 | D:3      | Learned a level 3 spell: Vampiric Draining
   767 | D:3      | Reached skill level 1 in Axes
   853 | D:3      | Reached skill level 2 in Axes
   937 | D:3      | Found an iron altar of Okawaru.
   955 | D:3      | Found a snail-covered altar of Cheibriados.
   957 | D:3      | Noticed Natasha
   960 | D:3      | Reached skill level 3 in Axes
   960 | D:3      | Reached XP level 5. HP: 12/42 MP: 0/7
   978 | D:3      | Killed Natasha
   978 | D:3      | Reached skill level 4 in Axes
  1019 | D:2      | Found a hide-covered altar of Uskayaw.
  1176 | D:4      | Reached XP level 6. HP: 26/49 MP: 2/7
  1232 | D:4      | Reached skill level 5 in Axes
  1287 | D:4      | Noticed Eustachio
  1302 | D:4      | Killed Eustachio
  1302 | D:4      | Reached skill level 6 in Axes
  1312 | D:4      | Reached XP level 7. HP: 19/55 MP: 0/8
  1386 | D:4      | Noticed Blork the orc
  1393 | D:4      | Killed Blork the orc
  1393 | D:4      | Reached skill level 7 in Axes
  1485 | D:4      | Found a sparkling altar of Nemelex Xobeh.
  1615 | D:5      | Entered Level 5 of the Dungeon
  1792 | D:5      | Reached skill level 8 in Axes
  1940 | D:5      | Reached skill level 9 in Axes
  1940 | D:5      | Reached XP level 8. HP: 5/62 MP: 0/9
  1999 | D:5      | Found a staircase to the Ecumenical Temple.
  2008 | Temple   | Entered the Ecumenical Temple
  2251 | D:6      | Found a sand-covered staircase.
  2277 | Ossuary  | Entered an ossuary
  2400 | Ossuary  | Reached skill level 10 in Axes
  2410 | Ossuary  | HP: 3/62 [human zombie (2)]
  2521 | D:7      | Noticed Menkaure
  2587 | D:7      | Found a flagged portal.
  2639 | Bailey   | Entered a bailey
  2687 | Bailey   | HP: 1/62 [orc/bolt (10)]
  2687 | Bailey   | Shot with a bolt by an orc warrior

Skill      XL: |  1  2  3  4  5  6  7  8 |
---------------+-------------------------+-----
Spellcasting   | 2 |  2.0
Necromancy     | 5 6 |  6.1
Axes           | 3 4 6 9 10 | 10.7
Dodging        | |  2.1
Stealth        | |  2.4

Action                   |  1- 3 |  4- 6 |  7- 9 || total
-------------------------+-------+-------+-------++-------
Melee: Unarmed           |     5 |       |       ||     5
       Dagger            |     1 |       |       ||     1
       Hand axe          |     7 |    70 |   211 ||   288
Throw: Javelin           |     8 |     4 |     3 ||    15
 Cast: Pain              |    46 |     5 |    21 ||    72
       Animate Skeleton  |     1 |     9 |     6 ||    16
       Vampiric Draining |       |    11 |    20 ||    31
 Abil: Heal Wounds       |       |     2 |     3 ||     5
Evoke: Wand              |       |     1 |     2 ||     3
  Use: Scroll            |     5 |       |     4 ||     9
       Potion            |     4 |     2 |     3 ||     9
 Stab: Sleeping          |     2 |       |       ||     2
       Distracted        |       |       |     1 ||     1
  Eat: Chunk             |       |     3 |     9 ||    12
Armor: Robe              |     5 |       |       ||     5
       Leather armour    |    15 |    21 |    50 ||    86
       Skin              |       |    10 |    61 ||    71
Dodge: Dodged            |    34 |    49 |   110 ||   193
